 Dungeon Crawl Stone Soup version 0.28.0-49-g6dfe1f597d (webtiles) character file.

Game seed: 9705412577871787396

217 Exodus22XD the Poker (level 5, -8/39 HPs)
             Began as a Demonspawn Gladiator on May 15, 2022.
             Was a Believer of Uskayaw.
             Mangled by an ogre
             ... wielding a +0 giant club
              (21 damage)
             ... on level 4 of the Dungeon.
             The game lasted 00:03:04 (3740 turns).

Exodus22XD the Poker (Demonspawn Gladiator)         Turns: 3740, Time: 00:03:05

Health: -8/39      AC:  8    Str: 16    XL:     5   Next: 62%
Magic:  6/6        EV: 12    Int: 10    God:    Uskayaw [**....]
Gold:   146        SH:  0    Dex: 14    Spells: 4/4 levels left

rFire   + . .      SeeInvis .   a - +0 trident (flame)
rCold   + . .      Faith    .   (no shield)
rNeg    . . .      Spirit   .   v - +0 leather armour {rPois}
rPois   +          Reflect  .   c - +0 helmet
rElec   .          Harm     .   u - scarf {rC+ rF+}
rCorr   .          Rampage  .   (no gloves)
Will    +....                   (no boots)
Stlth   +.........              (no amulet)
HPRegen 0.13/turn               j - ring of willpower
MPRegen 0.10/turn               o - +4 ring of protection

@: no status effects
A: hooves 1, demonic guardian 1
a: Renounce Religion, Stomp, Line Pass


You were on level 4 of the Dungeon.
You worshipped Uskayaw.
Uskayaw was noncommittal.
You visited 1 branch of the dungeon, and saw 4 of its levels.

You collected 174 gold pieces.
You spent 28 gold pieces at shops.

Inventory:

Hand Weapons
 a - a +0 trident of flaming (weapon)
 m - a +2 war axe of electrocution
Missiles
 d - 3 throwing nets (quivered)
Armour
 b - a +0 leather armour
 c - a +0 helmet (worn)
 u - a scarf of resistance (worn)
 v - a +0 leather armour of poison resistance (worn)
Jewellery
 j - a ring of willpower (left hand)
 o - a +4 ring of protection (right hand)
Wands
 r - a wand of flame (8)
Scrolls
 f - a scroll of fog
 h - a scroll of blinking
 i - 2 scrolls of vulnerability {unknown}
 k - a scroll of amnesia {unknown}
 l - 2 scrolls of noise {unknown}
 q - 2 scrolls of teleportation {unknown}
Potions
 g - a potion of berserk rage
 n - a potion of resistance {unknown}
 p - a potion of magic {unknown}
 s - a potion of curing {unknown}
 t - a potion of mutation {unknown}


   Skills:
 + Level 2.7 Fighting
 + Level 4.0 Polearms
 + Level 1.8 Throwing
 + Level 2.1 Armour
 + Level 3.4 Dodging
 + Level 1.1 Stealth
 * Level 1.5 Invocations


You had 4 spell levels left.
You didn't know any spells.
Your spell library was empty.

Dungeon Overview and Level Annotations

Branches:
Dungeon (4/15)
 Temple: D:4-7

Altars:
Uskayaw

Shops:
D:1 ?


Innate Abilities, Weirdness & Mutations

You have large cloven feet.
A weak demonic guardian rushes to your aid.


Message History

The goblin hits your iron imp but does no damage.
Your iron imp is poisoned.
Reach: a) +0 trident
Press: ? - help, Dir - move target, f/p - goblin
Aim: a goblin, wielding a +1 dagger of venom (severely wounded, ally target, about 47% to evade your +0 trident)
You could not reach far enough!
The goblin hits your iron imp with a +1 dagger of venom.
Your iron imp hits the goblin.
The goblin dies!
Reach: a) +0 trident
Press: ? - help, Dir - move target, f - you
Okay, then.
Your iron imp disappears in a puff of smoke!
Magic restored.
An ogre comes into view. It is wielding a +0 giant club.
An ogre is nearby!
Okay, then.
Okay, then.
o - a +4 ring of protection (right hand)
As you read the scroll labelled VAL GUACONE, it crumbles to dust.
It is a scroll of brand weapon.
Your +0 trident is engulfed in flames!
a - a +0 trident of flaming (weapon)
Reach: a) +0 trident (flame)
Press: ? - help, Dir - move target, f - ogre
Aim: an ogre, wielding a +0 giant club (about 25% to evade your +0 trident of flaming)
You reach to attack!
You puncture the ogre! You burn the ogre.
The ogre is heavily wounded.
You hit the ogre. You burn the ogre. Your kick misses the ogre.
The ogre is heavily wounded.
The ogre barely misses you.
You can now pass through a line of other dancers.
You hit the ogre but do no damage. You kick the ogre.
The ogre is severely wounded.
The ogre hits you with a +0 giant club.
You hit the ogre. You burn the ogre. You kick the ogre.
The ogre is almost dead.
The ogre hits you with a +0 giant club!!
Ouch! That really hurt!
You die...

.... #.. ##.#..# ..##..
. #...... ...#.#.##
....... .....#..#
#..##.. ###........
....#.. ###........#
....... #....).)...##
....... #..##..#....#
....... #..#.@.#.....
.....##
#..#O..........).... #
#......##.....##...###
#.###...##....#.......
#..##...##............
###..####.#.......##....
#.......#.......[.#..###
##................#...##
#..#..#.......#>...(...#


You could see an ogre.

Vanquished Creatures
  2 howler monkeys (D:4)
  A hound (D:4)
  An iguana (D:4)
  An adder (D:2)
  An ufetubus (D:4)
  A worm (D:2)
  A dart slug (D:3)
  5 orcs
  7 endoplasms
  2 giant cockroaches
  2 goblins
  2 hobgoblins (D:1)
  3 jackals (D:1)
  6 kobolds
  4 quokkas
  6 ball pythons
  3 bats
  3 frilled lizards (D:3)
  2 rats
53 creatures vanquished.

Vanquished Creatures (collateral kills)
  An orc (D:4)
  A goblin (D:4)
  A kobold (D:4)
3 creatures vanquished.

Grand Total: 56 creatures vanquished

Notes
Turn   | Place    | Note
-------+----------+-------------------------------------------
     0 | D:1      | Exodus22XD the Demonspawn Gladiator began the quest for the
                  | Orb.
     0 | D:1      | Reached XP level 1. HP: 16/16 MP: 1/1
   210 | D:1      | Reached skill level 3 in Polearms
   210 | D:1      | Gained mutation: You have large cloven feet. [demonic
                  | ancestry]
   210 | D:1      | Reached XP level 2. HP: 16/22 MP: 2/2
   765 | D:1      | Found Zaisit's Magic Scroll Shop.
   773 | D:1      | Bought a scroll of identify for 28 gold pieces
  1039 | D:2      | Reached XP level 3. HP: 3/27 MP: 3/3
  2704 | D:3      | Found a faded altar of an unknown god.
  2924 | D:4      | Reached skill level 1 in Armour
  2924 | D:4      | Gained mutation: A weak demonic guardian rushes to your
                  | aid. [demonic ancestry]
  2924 | D:4      | Reached XP level 4. HP: 27/33 MP: 4/4
  3476 | D:4      | Found a hide-covered altar of Uskayaw.
  3484 | D:4      | Became a worshipper of Uskayaw the Reveller
  3648 | D:4      | Reached * piety under Uskayaw
  3651 | D:4      | Reached skill level 1 in Stealth
  3651 | D:4      | Reached XP level 5. HP: 33/39 MP: 5/5
  3706 | D:4      | Reached ** piety under Uskayaw
  3709 | D:4      | Reached skill level 1 in Invocations
  3713 | D:4      | Reached *** piety under Uskayaw
  3716 | D:4      | Reached skill level 4 in Polearms
  3734 | D:4      | Noticed an ogre
  3740 | D:4      | Mangled by an ogre

Illustrated notes

Levels and vault maps discovered:
D:1:      mrwooster_arrival_statue_3, layout_basic, serial_shops,
          nicolae_shop_crystal, minmay_misc_feat_hallway
D:2:      layout_basic
D:3:      layout_loops_ring, shapermc_ecumenical_altar_flowoftime
D:4:      layout_cave_pools, mainiacjoe_overflow_alcove_1

Skill      XL: |  1  2  3  4  5 |
---------------+----------------+-----
Polearms       | 3 4 |  4.0
Dodging        | 3 |  3.4
Armour         | 1 2 |  2.1
Stealth        | 1 |  1.1
Invocations    | 1 |  1.5
Fighting       | |  2.7
Throwing       | |  1.8

Action                   |  1- 3 |  4- 6 || total
-------------------------+-------+-------++-------
Melee: Trident           |   107 |    51 ||   158
       Kick              |     6 |    11 ||    17
       Punch             |     1 |     2 ||     3
       War axe           |       |     4 ||     4
  Use: Scroll            |     3 |     1 ||     4
 Stab: Sleeping          |     4 |     1 ||     5
       Paralysed         |       |     1 ||     1
Armor: Leather armour    |    18 |     5 ||    23
Dodge: Dodged            |    50 |    35 ||    85
